 Dungeon Crawl Stone Soup version 0.26-a0-490-gf8362a0c98 (webtiles) character file.

Game seed: 11293785643656617142

(classic levelgen) 110101 EnegeticOcto the Dancer (level 16, 37/139 HPs)
             Began as a Hill Orc Conjurer on Aug 2, 2020.
             Was a Priest of Uskayaw.
             Quit the game on level 1 of the Shoals on Aug 4, 2020.
             The game lasted 01:35:43 (36997 turns).

EnegeticOcto the Dancer (Hill Orc Conjurer)        Turns: 36997, Time: 01:35:44

Health: 37/139     AC: 19    Str: 12    XL:     16   Next: 54%
Magic:  6/37       EV: 11    Int: 28    God:    Uskayaw [***...]
Gold:   1385       SH:  4    Dex:  5    Spells: 16/31 levels left

rFire    + . .     SeeInvis .   b - staff of energy
rCold    + . .     Faith    +   k - +0 buckler
rNeg     . . .     Spirit   .   y - +4 ring mail {rPois}
rPois    +         Reflect  .   E - +1 helmet
rElec    +         Harm     .   G - scarf {rC+ rF+}
rCorr    .                      (no gloves)
MR       +....                  r - +2 pair of boots
Stlth    ++........             o - amulet of faith
HPRegen  0.33/turn              P - ring of Voff {rElec AC+4 Int+5 Dex-4 Stlth+}
MPRegen  0.25/turn              B - ring of magical power

@: marked
A: no striking features
a: Stomp, Line Pass, Renounce Religion


You were on level 1 of the Shoals.
You worshipped Uskayaw.
Uskayaw was pleased with you.
You visited 4 branches of the dungeon, and saw 24 of its levels.
You also visited: Ice Cave.

You collected 2832 gold pieces.
You spent 1447 gold pieces at shops.

Inventory:

Hand Weapons
 a - a +5 whip of electrocution
 t - the +5 rapier of Defence by Offence {vorpal, +Blink rC++ MR+ Int-2}
   (You bought it in a shop on level 2 of the Orcish Mines)

   It inflicts extra damage upon your enemies.
   It affects your intelligence (-2).
   It greatly protects you from cold.
   It affects your resistance to hostile enchantments.
   It lets you blink.
 V - a +1 rapier of distortion
Missiles
 H - a curare-tipped dart (quivered)
 Z - a throwing net {!f}
Armour
 k - a +0 buckler (worn)
 r - a +2 pair of boots (worn)
 y - a +4 ring mail of poison resistance (worn)
 E - a +1 helmet (worn)
 G - a scarf of resistance (worn)
Magical Staves
 b - an uncursed staff of energy (weapon)
 F - an uncursed staff of fire
Jewellery
 l - an uncursed ring of flight
 o - an amulet of faith (around neck)
 B - a ring of magical power (right hand)
 D - a ring of the Octopus King {rF+ AC+1 EV+1 Str+1 Int+1 Dex+1}
   (You found it on level 10 of the Dungeon)

   [ring of protection from fire]

   It affects your AC (+1).
   It affects your evasion (+1).
   It affects your strength (+1).
   It affects your intelligence (+1).
   It affects your dexterity (+1).
   It protects you from fire.
 L - an uncursed ring of resist corrosion
 O - an uncursed amulet of guardian spirit {unknown}
 P - the ring of Voff (left hand) {rElec AC+4 Int+5 Dex-4 Stlth+}
   (You found it on level 1 of the Lair of Beasts)

   [ring of protection]

   It affects your AC (+4).
   It affects your intelligence (+5).
   It affects your dexterity (-4).
   It insulates you from electricity.
   It makes you more stealthy.
 X - a cursed amulet of inaccuracy {unknown}
 Y - an uncursed amulet of reflection {unknown}
Wands
 g - a wand of iceblast (8) {@v2}
 j - a wand of enslavement (4)
 s - a wand of flame (29) {@v4}
 I - a wand of digging (16) {@v3}
 J - a wand of polymorph (22)
 Q - a wand of disintegration (18)
 R - a wand of paralysis (7)
Scrolls
 h - 5 scrolls of teleportation {@r3 !r}
 u - 6 scrolls of fog {!r}
 C - 4 scrolls of amnesia
 K - 2 scrolls of fear {!r}
 U - a scroll of holy word
 W - 3 scrolls of magic mapping {@r5 !r}
Potions
 d - 3 potions of might {@q3 !q}
 e - 4 potions of haste {@q4 !q}
 f - 4 potions of ambrosia
 i - 5 potions of brilliance
 m - 6 potions of stabbing {@q5 !q}
 n - 5 potions of flight
 p - 2 potions of mutation
 v - 3 potions of resistance
 w - 9 potions of curing {@q1 !q}
 x - a potion of berserk rage
 z - 2 potions of cancellation
 A - 5 potions of lignification {@q6}
 T - 2 potions of heal wounds {@q2 !q}
Miscellaneous
 N - a phial of floods
 S - a tin of tremorstones (2/3)


   Skills:
 + Level 12.1 Fighting
 - Level 6.0 Armour
 + Level 6.6 Dodging
 - Level 1.5 Stealth
 - Level 4.0 Shields
 - Level 8.0 Spellcasting
 - Level 15.0 Conjurations
 + Level 10.1 Hexes
 - Level 4.0 Translocations
 - Level 15.0 Invocations
 - Level 9.0 Evocations


You had 16 spell levels left.
You knew the following spells:

 Your Spells              Type           Power        Failure   Level
a - Magic Dart            Conj           ####         1%          1
b - Searing Ray           Conj           ######       1%          2
c - Fulminant Prism       Conj/Hex       ######....   1%          4
d - Iskenderun's Mystic   Conj/Tloc      ######..     1%          4
e - Tukima's Dance        Hex            ######..     1%          3
f - Apportation           Tloc           ####..       1%          1

Your spell library contained the following spells:

 Spells                   Type           Power        Failure   Level
 Corona                   Hex            ######.      1%          1
 Slow                     Hex            ######..     1%          2
 Confusing Touch          Hex            ######..     1%          3
 Conjure Flame            Conj/Fire      ######..     1%          3
 Dazzling Flash           Conj/Hex       ######       1%          3
 Stone Arrow              Conj/Erth      ######       1%          3
 Blink                    Tloc           N/A          3%          2
 Mephitic Cloud           Conj/Pois/Air  #####...     3%          3
 Summon Guardian Golem    Hex/Summ       #####...     3%          3
 Gell's Gravitas          Tloc           ####......   6%          3
 Lesser Beckoning         Tloc           ####......   6%          3
 Animate Skeleton         Necr           ##....       10%         1
 Freeze                   Ice            ##..         10%         1
 Sandblast                Erth           ##....       10%         1
 Summon Small Mammal      Summ           ##..         10%         1
 Call Imp                 Summ           ##......     16%         2
 Passwall                 Tmut/Erth      ##......     16%         2
 Invisibility             Hex            ######..     24%         6
 Frozen Ramparts          Ice            ##....       30%         3
 Metabolic Englaciation   Hex/Ice        #####.....   34%         5
 Yara's Violent Unravell  Hex/Tmut       #####.....   34%         5
 Petrify                  Tmut/Erth      ##......     69%         4
 Alistair's Intoxication  Tmut/Pois      ##.......    95%         5
 Lee's Rapid Deconstruct  Erth           ##........   95%         5
 Ozocubu's Refrigeration  Ice            ##........   100%        6
 Summon Hydra             Summ           ##........   100%        7


Dungeon Overview and Level Annotations

Branches:
Dungeon (15/15)            Temple (0/1) D:7            Lair (6/6) D:10
 Shoals (1/4) Lair:3        Snake (0/4) Lair:2        Slime (0/5) Lair:6
    Orc (2/2) D:9             Elf (0/3) Orc:2        Vaults (0/5) D:13
 Depths (0/5) D:15          IceCv (visited)

Altars:
Cheibriados
Elyvilon
Fedhas
Gozag
Kikubaaqudgha
Qazlal
Uskayaw
Vehumet
Wu Jian
Xom
The Shining One
Jiyva

Shops:
D:7 *   Orc:2 =[*(

Annotations:
Lair:3 exclusion: oklob plant
Orc:2 3 runed translucent doors, exclusion: obsidian statue, KristoblXynda's ghost, journeyman TrDe


Message History

The merfolk impaler hits you!
You can no longer pass through a line of other dancers.
Really quaff
w - 10 potions of curing {@q1 !q}?
You feel better.
Your surroundings suddenly seem different.
You break out of your daze!
You start resting.
A snapping turtle comes into view.
Nothing appears to happen.
You channel some magical energy.
Nothing appears to happen.
A harpy comes into view.
Casting: Iskenderun's Mystic Blast (mildly dangerous; 1% risk of failure)
Confirm with . or Enter, or press ? or * to list all spells.
You can't see any susceptible monsters within range! (Use Z to cast anyway.)
Casting: Iskenderun's Mystic Blast (mildly dangerous; 1% risk of failure)
Confirm with . or Enter, or press ? or * to list all spells.
Press: ? - help, Dir - move target cursor
Okay, then.
A harpy comes into view. x2; A merfolk avatar comes into view.
Casting: Fulminant Prism (mildly dangerous; 1% risk of failure)
Confirm with . or Enter, or press ? or * to list all spells.
Press: ? - help, Dir - move target cursor You conjure a prism of explosive energy!
A fulminant prism comes into view.
A harpy comes into view.
The harpy claws you! The harpy closely misses you.
The merfolk avatar chants a haunting song.
You easily resist.
Nothing appears to happen.
The harpy screeches!
The harpy misses you. The harpy claws you. The harpy barely misses you.
The harpy claws you. The harpy barely misses you. You block the harpy's attack.
The harpy claws you but does no damage. x2
The snapping turtle bites you but does no damage.
The harpy closely misses you. x2; The harpy claws you!
The harpy claws you.
Your fulminant prism crackles loudly.
You channel some magical energy.
The harpy screeches! x2
The harpy claws you but does no damage. The harpy claws you.
The harpy claws you but does no damage. x5; You block the harpy's attack.
The harpy claws you but does no damage. The harpy claws you.
The snapping turtle bites you but does no damage.
The harpy claws you but does no damage. The harpy claws you. x2
You block the harpy's attack.
Your fulminant prism explodes!
The blast of energy engulfs the snapping turtle!!
The snapping turtle is severely wounded.
The blast of energy engulfs the harpy!!
The harpy is almost dead.
The blast of energy engulfs the merfolk avatar!!!
The merfolk avatar is heavily wounded.
The blast of energy engulfs the harpy!!!
The harpy is almost dead.
The blast of energy engulfs the harpy!!
The harpy is severely wounded.
You can now pass through a line of other dancers.
Evoke which item? (* to show all) (? for menu, Esc to quit)
The tremorstone explodes into fragments!
The burst of rock shards engulfs the snapping turtle but does no damage.
The burst of rock shards engulfs the harpy!!
You kill the harpy!
The burst of rock shards engulfs the harpy!
The burst of rock shards engulfs the merfolk avatar!
The burst of rock shards engulfs the harpy!!
The burst of rock shards engulfs you but does no damage.
The burst of rock shards engulfs the harpy.
You kill the harpy!
The burst of rock shards engulfs the merfolk avatar!
The burst of rock shards engulfs the snapping turtle but does no damage. x2
The burst of rock shards engulfs the harpy!!
You kill the harpy!
The burst of rock shards engulfs the merfolk avatar!!
You kill the merfolk avatar!
The burst of rock shards engulfs the harpy!
The burst of rock shards engulfs you but does no damage.
The burst of rock shards engulfs the snapping turtle but does no damage.
The burst of rock shards engulfs the harpy!!
You kill the harpy!
The burst of rock shards engulfs you.
* * * LOW HITPOINT WARNING * * *
The snapping turtle bites you from afar.
* * * LOW HITPOINT WARNING * * *
Uskayaw will force your foes to helplessly watch your dance.
Uskayaw prepares the audience for your solo!
Casting: Fulminant Prism (mildly dangerous; 1% risk of failure)
Confirm with . or Enter, or press ? or * to list all spells.
Press: ? - help, Dir - move target cursor You conjure a prism of explosive energy!
A fulminant prism comes into view.
The snapping turtle is no longer paralysed.
A snapping turtle comes into view.
Your fulminant prism crackles loudly.
Are you sure you want to abandon this character and quit the game? (Confirm with "yes".)
Okay, then.
Unknown command.
Search for what [? for help]?
Okay, then.
Okay, then.
Unknown command.
Are you sure you want to abandon this character and quit the game? (Confirm with "yes".)

≈≈≈≈≈≈≈≈≈≈≈≈≈..####.≈≈≈≈≈≈.≈≈.≈
≈≈≈≈≈≈≈≈......m.# ##.≈≈≈≈≈.<..≈
≈≈≈≈≈≈≈..####.S.## ##.≈≈≈≈≈..≈≈
≈≈≈≈≈≈..## #....# #.≈≈.≈≈≈≈≈≈
≈≈≈≈≈≈.t.# #..(.# ##......PPP
≈≈≈≈≈....####*...# #(((...PPP
≈≈≈≈≈......##.t..# #.(###.PPP
≈≈≈≈≈≈.......(.#######=(# #..≈P
≈≈≈≈≈≈≈..#....@##.##....####.PP
≈≈≈≈≈≈≈............m..≈.P...PP≈
≈≈≈≈≈≈≈≈≈...≈≈≈....[..≈≈≈≈PPP≈≈
≈≈≈≈≈≈≈≈≈≈≈≈≈≈≈≈≈≈≈≈))≈≈≈≈≈≈P≈
≈≈≈≈≈≈≈≈≈≈≈≈≈≈≈≈≈≈≈≈≈≈≈≈≈≈≈≈≈
≈≈≈≈≈≈≈≈≈≈≈≈≈≈≈≈≈≈≈≈≈≈≈≈≈≈≈≈≈
≈≈≈≈≈≈≈≈≈≈≈≈≈≈≈≈≈≈≈≈≈≈≈≈≈≈≈≈
≈≈≈≈≈≈≈≈≈≈≈≈≈≈≈≈≈≈≈≈≈≈≈≈≈≈
≈≈≈≈≈≈≈≈≈≈≈≈≈≈≈≈≈≈≈≈≈≈≈≈≈


You could see a merfolk avatar, a merfolk impaler, a sea snake (paralysed), 2
snapping turtles and a friendly fulminant prism.

Vanquished Creatures
  Jorgrun (D:12)
  2 orc warlords
  An ettin (D:13)
  Snorg (D:14)
  3 fire dragons (D:15)
  An ogre mage (D:15)
  6 hydras
  2 merfolk avatars (Shoals:1)
  An alligator snapping turtle (Shoals:1)
  3 centaur warriors
  An anaconda (Lair:5)
  6 two-headed ogres
  2 death yaks (Lair:4)
  Urug (D:13)
  3 orc high priests
  Nergalle (Lair:4)
  2 unseen horrors
  2 sea snakes (Shoals:1)
  A deep troll (D:13)
  4 harpies (Shoals:1)
  Pikel (D:5)
  4 orc knights
  A harpy (shapeshifter) (D:13)
  4 ugly things
  3 oklob plants
  A necromancer (D:13)
  A wolf spider (D:15)
  3 deep elf magi
  2 manticores
  5 elephants
  3 cyclopes
  A merfolk siren (Lair:3)
  9 black mambas
  5 orc sorcerers
  An ice statue (IceCv)
  A black mamba (shapeshifter) (D:13)
  2 centaur zombies (D:14)
  2 gargoyles (D:10)
  A torpor snail (Lair:6)
  16 cane toads
  A kobold demonologist (D:13)
  4 centaur skeletons
  An efreet (D:14)
  6 komodo dragons
  Maggie (D:9)
  2 ice devils (Lair:1)
  2 tengu conjurers (D:11)
  2 merfolk (Shoals:1)
  32 polar bears
  8 trolls
  6 hornets
  3 slime creatures (D:13)
  7 blink frogs
  14 dream sheep
  2 snapping turtles (Shoals:1)
  10 hippogriffs
  16 spriggans (Lair:6)
  3 wyverns
  A wraith (D:13)
  4 basilisks
  79 yaks
  2 vampire mosquitoes (D:13)
  Menkaure (D:7)
  2 wargs (Orc:2)
  A harpy simulacrum (D:14)
  16 water moccasins
  An acid dragon (D:15)
  3 porcupines
  4 ice beasts
  3 black bears
  36 orc warriors
  2 phantoms (D:6)
  3 eyes of draining
  A necrophage (D:5)
  5 sky beasts
  65 wolves
  3 boggarts (Lair:6)
  9 ogres
  13 crocodiles
  24 centaurs
  6 big kobolds
  15 bullfrogs
  4 scorpions
  19 wights
  5 killer bees (D:12)
  6 howler monkeys
  A quasit (D:9)
  8 orc priests
  6 hounds
  6 jellies
  3 bullfrog skeletons
  16 orc wizards
  6 iguanas
  6 hell rats (Lair:6)
  9 worker ants
  A hound zombie (D:10)
  A howler monkey zombie (D:11)
  3 gnolls (D:3)
  A howler monkey skeleton (D:7)
  12 adders
  3 shadow imps
  5 white imps
  2 ufetubi
  An ooze (D:2)
  An adder skeleton (D:4)
  4 adder zombies
  6 worms
  2 dart slugs (D:1)
  4 leopard geckos
  58 orcs
  7 bats
  11 giant cockroaches
  4 goblins
  16 hobgoblins
  19 jackals
  6 quokkas
  3 ball pythons
  5 frilled lizards
  57 kobolds
  A leopard gecko skeleton (D:8)
  11 rats
  5 fungi
  12 plants
885 creatures vanquished.

Vanquished Creatures (collateral kills)
  A faun (Shoals:1)
1 creature vanquished.

Vanquished Creatures (others)
  A snapping turtle (Shoals:1)
  A yak (D:11)
  7 wolves (IceCv)
  A centaur (D:11)
  A leopard gecko (D:2)
  2 quokkas (D:2)
  207 fulminant prisms
  26 fungi
  4 plants
250 creatures vanquished.

Grand Total: 1136 creatures vanquished

Notes
Turn   | Place    | Note
-------+----------+-------------------------------------------
     0 | D:1      | EnegeticOcto the Hill Orc Conjurer began the quest for the
                  | Orb.
     0 | D:1      | Reached XP level 1. HP: 14/14 MP: 3/3
   142 | D:1      | Reached XP level 2. HP: 20/20 MP: 1/4
   151 | D:1      | Learned a level 2 spell: Searing Ray
   697 | D:1      | Reached XP level 3. HP: 26/26 MP: 3/5
   841 | D:1      | Reached skill level 2 in Spellcasting
   879 | D:1      | You fall into a shaft and drop 1 floor!
  1970 | D:2      | Found a glowing golden altar of the Shining One.
  2168 | D:2      | Reached skill level 5 in Conjurations
  2202 | D:2      | Reached XP level 4. HP: 33/33 MP: 2/7
  2208 | D:2      | Learned a level 4 spell: Fulminant Prism
  2633 | D:2      | Reached XP level 5. HP: 38/38 MP: 4/9
  2748 | D:2      | Found a white marble altar of Elyvilon.
  3170 | D:3      | Reached skill level 3 in Spellcasting
  3218 | D:3      | Found a blossoming altar of Fedhas.
  3218 | D:3      | Found an opulent altar of Gozag.
  3224 | D:3      | Found a faded altar of an unknown god.
  3226 | D:3      | Found a shimmering altar of Xom.
  3227 | D:3      | Found an ancient bone altar of Kikubaaqudgha.
  3365 | D:3      | Found a faded altar of an unknown god.
  3564 | D:3      | Reached skill level 1 in Shields
  3790 | D:3      | Reached XP level 6. HP: 45/45 MP: 6/10
  3921 | D:3      | Reached skill level 6 in Conjurations
  4136 | D:3      | Reached skill level 2 in Shields
  4789 | D:3      | Reached skill level 3 in Shields
  4823 | D:3      | Reached XP level 7. HP: 34/50 MP: 0/11
  5078 | D:3      | Reached skill level 4 in Shields
  5350 | D:4      | Found an ornate altar of the Wu Jian Council.
  5980 | D:4      | Found a hide-covered altar of Uskayaw.
  5988 | D:4      | Became a worshipper of Uskayaw the Reveler
  6076 | D:5      | Entered Level 5 of the Dungeon
  6076 | D:5      | Noticed Pikel
  6081 | D:5      | Reached * piety under Uskayaw
  6084 | D:5      | Reached ** piety under Uskayaw
  6085 | D:5      | Killed Pikel
  6085 | D:5      | Reached skill level 2 in Fighting
  6085 | D:5      | Reached skill level 7 in Conjurations
  6085 | D:5      | Reached skill level 2 in Hexes
  6085 | D:5      | Reached skill level 2 in Invocations
  6085 | D:5      | Reached skill level 2 in Evocations
  6085 | D:5      | Reached XP level 8. HP: 54/62 MP: 1/12
  6085 | D:5      | Reached *** piety under Uskayaw
  6251 | D:5      | Reached skill level 3 in Invocations
  6251 | D:5      | Reached skill level 3 in Evocations
  6317 | D:5      | Reached skill level 3 in Fighting
  6483 | D:5      | Reached **** piety under Uskayaw
  7033 | D:5      | Found a snail-covered altar of Cheibriados.
  7454 | D:6      | Found a radiant altar of Vehumet.
  7459 | D:6      | Reached skill level 3 in Hexes
  7459 | D:6      | Reached skill level 4 in Invocations
  7603 | D:6      | Reached skill level 4 in Fighting
  7639 | D:6      | Reached skill level 4 in Evocations
  7839 | D:6      | Reached skill level 5 in Invocations
  7839 | D:6      | Reached XP level 9. HP: 62/71 MP: 4/13
  7883 | D:6      | Learned a level 4 spell: Iskenderun's Mystic Blast
  7967 | D:6      | Reached skill level 4 in Hexes
  8294 | D:7      | Noticed Menkaure
  8299 | D:7      | Killed Menkaure
  8299 | D:7      | Reached skill level 6 in Invocations
  8299 | D:7      | Reached skill level 5 in Evocations
  8301 | D:7      | Reached skill level 5 in Hexes
  8355 | D:7      | Found Qiyjam's Mass Market.
  8434 | D:7      | Reached skill level 7 in Invocations
  8540 | D:7      | Reached skill level 6 in Hexes
  8553 | D:7      | Reached skill level 8 in Invocations
  8813 | D:7      | Found a staircase to the Ecumenical Temple.
  8908 | D:7      | Found a stormy altar of Qazlal.
  9090 | D:8      | Reached skill level 1 in Armour
  9223 | D:8      | Reached skill level 1 in Translocations
  9426 | D:8      | Reached XP level 10. HP: 78/80 MP: 3/16
  9503 | D:8      | You fall into a shaft and drop 3 floors!
  9535 | D:11     | Reached skill level 2 in Armour
  9665 | D:10     | Entered Level 10 of the Dungeon
  9703 | D:10     | Found the ring of the Octopus King
  9715 | D:10     | Got a ring of the Octopus King
  9723 | D:10     | Identified a ring of the Octopus King {rF+ AC+1 EV+1 Str+1
                  | Int+1 Dex+1} (You found it on level 10 of the Dungeon)
  9730 | D:9      | Noticed a two-headed ogre
  9758 | D:9      | Reached skill level 5 in Fighting
  9886 | D:8      | Reached skill level 2 in Translocations
 10124 | D:9      | Upgraded the game from 0.26-a0-487-gbff1e92059 to
                  | 0.26-a0-489-g112e8ad46e
 10132 | D:9      | Killed a two-headed ogre
 10132 | D:9      | Reached skill level 3 in Armour
 10382 | D:9      | Reached skill level 6 in Fighting
 10393 | D:9      | Noticed Maggie
 10403 | D:9      | Killed Maggie
 10403 | D:9      | Reached skill level 4 in Armour
 10403 | D:9      | Reached skill level 8 in Conjurations
 10403 | D:9      | Reached skill level 3 in Translocations
 10652 | D:9      | Found a radiant altar of Vehumet.
 10688 | D:9      | Found a staircase to the Orcish Mines.
 10881 | D:10     | Noticed an oklob plant
 10883 | D:10     | Found a staircase to the Lair.
 10978 | D:10     | Noticed a gargoyle
 10983 | D:10     | Killed a gargoyle
 11208 | D:10     | Reached skill level 7 in Fighting
 11208 | D:10     | Reached skill level 4 in Translocations
 11208 | D:10     | Reached skill level 9 in Conjurations
 11208 | D:10     | Reached XP level 11. HP: 73/92 MP: 9/17
 11211 | D:10     | Reached ***** piety under Uskayaw
 11647 | D:10     | Killed an oklob plant
 11777 | Orc:1    | Entered Level 1 of the Orcish Mines
 11813 | Orc:1    | Noticed an orc sorcerer
 11817 | Orc:1    | Noticed a sun demon
 11817 | Orc:1    | Noticed an orc sorcerer
 11820 | Orc:1    | Killed an orc sorcerer
 11826 | Orc:1    | Killed an orc sorcerer
 11826 | Orc:1    | Reached skill level 2 in Dodging
 11826 | Orc:1    | Reached skill level 10 in Conjurations
 11958 | Orc:2    | Entered Level 2 of the Orcish Mines
 11959 | Orc:2    | Noticed an orc knight
 11974 | Orc:2    | Killed an orc knight
 12020 | Orc:2    | Noticed an orc warlord
 12093 | Orc:1    | Killed an orc warlord
 12093 | Orc:1    | Reached skill level 9 in Invocations
 12350 | Orc:1    | Reached skill level 3 in Dodging
 12774 | Orc:1    | Reached skill level 4 in Spellcasting
 12882 | Orc:2    | Found Durum's Antique Weapon Boutique.
 12895 | Orc:2    | Noticed an orc high priest
 12920 | Orc:2    | Noticed an orc warlord
 12935 | Orc:1    | Noticed a sixfirhy
 12935 | Orc:1    | Killed an orc high priest
 13063 | Orc:2    | Killed an orc warlord
 13063 | Orc:2    | Reached skill level 4 in Dodging
 13063 | Orc:2    | Reached XP level 12. HP: 49/100 MP: 1/19
 13327 | Orc:2    | Reached skill level 10 in Invocations
 13582 | Orc:2    | Found Qasu's General Store.
 13592 | Orc:2    | Noticed an orc high priest
 13598 | Orc:2    | Killed an orc high priest
 13598 | Orc:2    | Reached skill level 11 in Conjurations
 13636 | Orc:2    | Reached skill level 5 in Spellcasting
 13641 | Orc:2    | Reached ****** piety under Uskayaw
 14106 | Orc:1    | Reached skill level 11 in Invocations
 14351 | Orc:2    | Found Ovyoniot's Antique Armour Shoppe.
 14421 | Orc:2    | Found a runed translucent gate.
 14422 | Orc:2    | Found a runed translucent gate.
 14422 | Orc:2    | Found a runed translucent gate.
 14423 | Orc:2    | Found an opulent altar of Gozag.
 14426 | Orc:2    | Noticed KristoblXynda's ghost (journeyman TrDe)
 14426 | Orc:2    | Noticed an orc high priest
 15317 | Orc:2    | Found a staircase to the Elven Halls.
 15336 | Orc:2    | Found Judyh's Jewellery Boutique.
 15497 | Orc:2    | Bought a sapphire rapier for 252 gold pieces
 15497 | Orc:2    | Identified the +5 rapier of Defence by Offence {vorpal,
                  | +Blink rC++ MR+ Int-2} (You bought it in a shop on level 2
                  | of the Orcish Mines)
 15533 | Orc:2    | Bought an uncursed amulet of faith for 560 gold pieces
 15533 | Orc:2    | Bought an uncursed ring of magical power for 280 gold
                  | pieces
 15569 | Orc:2    | Bought a twisted scale mail for 270 gold pieces
 15579 | Orc:2    | Identified the cursed +0 scale mail of the Big Bang {rPois
                  | rCorr Str+5 Dex+3} (You bought it in a shop on level 2 of
                  | the Orcish Mines)
 15601 | Orc:2    | Bought a scroll of remove curse for 51 gold pieces
 15693 | Lair:1   | Entered Level 1 of the Lair of Beasts
 15793 | Lair:1   | Reached skill level 6 in Spellcasting
 15816 | Lair:1   | Got a crystal hand crossbow
 15818 | Lair:1   | Found a frozen archway.
 15997 | IceCv    | Entered an ice cave
 16053 | IceCv    | Reached skill level 12 in Conjurations
 16053 | IceCv    | Reached skill level 12 in Invocations
 16292 | IceCv    | Reached XP level 13. HP: 52/105 MP: 14/22
 16295 | IceCv    | Reached skill level 13 in Invocations
 16861 | IceCv    | Reached skill level 14 in Invocations
 17585 | IceCv    | Noticed a frost giant
 17911 | Lair:1   | Identified the +4 hand crossbow "Zucaul" {vorpal, MR+
                  | Str+5} (You found it on level 1 of the Lair of Beasts)
 18316 | Lair:1   | Reached skill level 5 in Armour
 18691 | Lair:1   | Got a crude platinum ring
 18976 | Lair:1   | Reached skill level 8 in Fighting
 19440 | Orc:2    | Bought a scroll of identify for 34 gold pieces
 19440 | Orc:2    | Identified the ring of Voff {rElec AC+4 Int+5 Dex-4 Stlth+}
                  | (You found it on level 1 of the Lair of Beasts)
 19578 | Lair:2   | Found a hide-covered altar of Uskayaw.
 19625 | Lair:2   | Found a staircase to the Snake Pit.
 19893 | Lair:2   | Reached skill level 7 in Hexes
 20358 | Lair:2   | Reached skill level 6 in Armour
 21325 | Lair:3   | Found a staircase to the Shoals.
 21426 | Lair:3   | Reached skill level 9 in Fighting
 21533 | Lair:3   | Reached skill level 15 in Invocations
 21740 | Lair:3   | Reached XP level 14. HP: 118/118 MP: 12/25
 21922 | Lair:3   | Reached skill level 8 in Hexes
 21952 | Lair:3   | Reached skill level 10 in Fighting
 23551 | Lair:4   | Noticed Nergalle
 23558 | Lair:4   | Killed Nergalle
 23558 | Lair:4   | Reached skill level 6 in Evocations
 24930 | Lair:5   | Reached skill level 7 in Spellcasting
 25026 | Lair:5   | Reached skill level 7 in Evocations
 26394 | Lair:5   | Identified the Reference Book on Frigorific Calling
 26522 | Lair:6   | Entered Level 6 of the Lair of Beasts
 26607 | Lair:6   | Reached skill level 13 in Conjurations
 27099 | Lair:6   | Reached skill level 8 in Evocations
 27100 | Lair:6   | Reached XP level 15. HP: 73/126 MP: 13/26
 27641 | Lair:6   | Reached skill level 8 in Spellcasting
 27837 | Lair:6   | Found a viscous altar of Jiyva.
 27837 | Lair:6   | Found a staircase to the Slime Pits.
 28701 | Lair:6   | Got a glimmering trident
 29112 | Lair:6   | Reached skill level 9 in Evocations
 29833 | D:11     | Reached skill level 14 in Conjurations
 30834 | D:12     | Learned a level 3 spell: Tukima's Dance
 30836 | D:12     | Learned a level 1 spell: Apportation
 31172 | D:12     | Noticed Jorgrun
 31185 | D:12     | Killed Jorgrun
 31972 | D:13     | Reached skill level 15 in Conjurations
 31974 | D:13     | Noticed Urug
 32422 | D:13     | You fall into a shaft and drop 2 floors!
 32422 | D:15     | Entered Level 15 of the Dungeon
 32821 | D:15     | Reached skill level 5 in Dodging
 32915 | D:15     | Found a staircase to the Depths.
 33124 | D:15     | Reached XP level 16. HP: 65/136 MP: 11/28
 33462 | D:15     | Reached skill level 9 in Hexes
 33491 | D:15     | Reached skill level 11 in Fighting
 34062 | D:15     | Identified the cursed +1 trident of Contention {vorpal,
                  | +Blink Str+3 Int+2 SInv} (You found it on level 6 of the
                  | Lair of Beasts)
 34281 | D:15     | Got an iridescent morningstar
 34333 | D:14     | Noticed Snorg
 34334 | D:14     | Killed Snorg
 34721 | D:14     | Identified the +7 morningstar of Bimul {vorpal, Str+5} (You
                  | found it on level 15 of the Dungeon)
 34960 | D:14     | Reached skill level 6 in Dodging
 35608 | D:13     | Killed Urug
 36054 | D:13     | Found a gate to the Vaults.
 36425 | Shoals:1 | Entered Level 1 of the Shoals
 36426 | Shoals:1 | Upgraded the game from 0.26-a0-489-g112e8ad46e to
                  | 0.26-a0-490-gf8362a0c98
 36893 | Shoals:1 | Reached skill level 12 in Fighting
 36899 | Shoals:1 | Reached skill level 10 in Hexes
 36997 | Shoals:1 | Quit the game

Illustrated notes

Levels and vault maps discovered:
D:1:      heliophobic_arrival_battle_scene, layout_basic,
          minmay_rat_gold_closets
D:2:      minmay_angry_zag, layout_loops_cross, elyvilon_altar_4,
          lemuel_round_altar, minmay_vboxes
D:3:      minmay_goblin_kobold_castle, layout_rooms,
          chequers_temple_overflow_minitemple, chequers_ecumenical_altar_simple
D:4:      layout_loops_ring, lemuel_coloured_pillars_altar, lemuel_crystal_altar
D:5:      layout_basic, slow_altar_2, uniq_pikel
D:6:      layout_gridville, vehumet_crystals, kennysheep_nub
D:7:      layout_cave_pools, grunt_qazlal_sundering,
          minmay_temple_entry_junction_2, minmay_shop_mass, uniq_menkaure
D:8:      layout_rooms
D:9:      layout_rooms, orc_0_dummy, basic_altar, uniq_maggie
D:10:     layout_loops_ring, dpeg_oklobed_lair
D:11:     layout_irregular_city, hangedman_decor_push
D:12:     layout_big_octagon, uniq_jorgrun
D:13:     layout_long_grid, david_vaults_4, uniq_urug
D:14:     layout_irregular_city, hangedman_decor_points, uniq_snorg
D:15:     grunt_enter_depths_hoard, layout_loops_ring,
          hangedman_abyss_or_decor_slice, minmay_misc_feat_secret_circle
Lair:1:   layout_loops_ring, portal_ice_cave_demonic_guard,
          infiniplex_staircase_pool_2
Lair:2:   beast_lair_carwin_large_2, layout_chaotic_city, lemuel_oklob_altar,
          infiniplex_staircase_pool
Lair:3:   dpeg_oklob_gauntlet, layout_regular_city,
          minmay_shoals_entry_lonely_mermaid, minmay_lair_oklob_chamber
Lair:4:   layout_layer_cave, beast_lair_carwin_8, uniq_nergalle
Lair:5:   beast_lair_carwin_large_3, layout_hall_layers,
          minmay_stone_trees_large, grunt_forest_large_clearings,
          serial_bayou_shore_b
Lair:6:   minmay_lair_end_enchanted_forest, layout_loops_ring, slime_altar_1
Shoals:1: layout_shoals, minmay_shop_enchanted_jewellery,
          nicolae_shoals_arrival_archipelago
Orc:1:    layout_caves
Orc:2:    grunt_orc_gardens, layout_caves, grunt_orc_garden, grunt_orc_garden,
          grunt_orc_garden, grunt_orc_garden, ebering_ghost_gozag

Skill      XL: |  1  2  3  4  5  6  7  8  9 10 11 12 13 14 15 16 |
---------------+-------------------------------------------------+-----
Spellcasting   | 2 3 4 6 7 8 |  8.0
Conjurations   | 5 6 7 9 10 12 13 15 | 15.0
Shields        | 1 3 4 |  4.0
Fighting       | 2 4 7 9 10 12 | 12.1
Hexes          | 2 3 6 7 8 10 | 10.1
Invocations    | 2 5 8 9 12 15 | 15.0
Evocations     | 2 4 5 8 9 |  9.0
Armour         | 1 4 6 |  6.0
Translocations | 1 4 |  4.0
Dodging        | 4 5 6 |  6.6
Stealth        | |  1.5

Action                   |  1- 3 |  4- 6 |  7- 9 | 10-12 | 13-15 | 16-18 || total
-------------------------+-------+-------+-------+-------+-------+-------++-------
Melee: Unarmed           |    11 |       |       |    23 |       |       ||    34
       Flail             |       |    14 |     6 |       |       |       ||    20
       Whip              |       |       |    65 |   139 |    18 |     3 ||   225
       Staff             |       |       |     1 |     9 |    33 |    41 ||    84
       Rapier            |       |       |       |       |     1 |       ||     1
Throw: Dart              |       |     2 |       |     6 |     4 |     3 ||    15
 Cast: Magic Dart        |    69 |   110 |   114 |    79 |   186 |    14 ||   572
       Searing Ray       |     3 |    21 |    45 |    73 |   288 |    51 ||   481
       Fulminant Prism   |       |       |     9 |    66 |   115 |    18 ||   208
       Iskenderun's Myst |       |       |       |       |    68 |    51 ||   119
       Tukima's Dance    |       |       |       |       |       |     5 ||     5
Invok: Stomp             |       |       |       |     4 |       |       ||     4
       Grand Finale      |       |       |       |       |     1 |     2 ||     3
Evoke: Staff of energy   |       |       |    50 |   103 |   117 |    61 ||   331
       Wand              |       |       |     1 |    17 |    12 |    15 ||    45
       Phantom mirror    |       |       |       |       |     2 |       ||     2
       Tin of tremorston |       |       |       |       |     1 |     1 ||     2
       Phial of floods   |       |       |       |       |     1 |       ||     1
  Use: Scroll            |     2 |       |    16 |     8 |    21 |     6 ||    53
       Potion            |       |       |       |     3 |     2 |     1 ||     6
 Stab: Sleeping          |       |       |     1 |       |       |       ||     1
       Paralysed         |       |       |     1 |     9 |     2 |       ||    12
Armor: Robe              |     3 |    13 |    31 |       |       |       ||    47
       Steam dragon scal |       |       |    17 |    67 |       |       ||    84
       Skin              |       |       |       |    35 |       |       ||    35
       Scale mail        |       |       |       |     6 |   315 |    67 ||   388
       Ring mail         |       |       |       |       |       |    31 ||    31
Dodge: Dodged            |    13 |    19 |   116 |   149 |   304 |    87 ||   688
Block: Buckler           |       |     6 |    39 |    60 |   114 |    24 ||   243

Table legend: (Time is in decaauts)
 A = Elapsed time spent in this place.
 B = Non-inter-level travel time spent in this place.
 C = Inter-level travel time spent in this place.
 D = Time resting spent in this place.
 E = Time spent auto-exploring this place.
 F = Levels seen in this place.
 G = Mean time per level.
                   A        B        C        D        E       F      G
               +--------+--------+--------+--------+--------+-----+--------+
         Total |  37084 |  35154 |   1930 |   3566 |  24720 |  25 | 1483.4 |
       Dungeon |  19057 |  18003 |   1054 |    736 |  13661 |  15 | 1270.5 |
          Lair |  11653 |  11054 |    599 |    850 |   8385 |   6 | 1942.2 |
        Shoals |    577 |    577 |      0 |      8 |    400 |   1 |  577.0 |
  Orcish Mines |   3891 |   3616 |    275 |    920 |   1928 |   2 | 1945.5 |
      Ice Cave |   1903 |   1903 |      0 |   1052 |    345 |   1 | 1903.0 |
               +--------+--------+--------+--------+--------+-----+--------+

Top non-repeatable levels by time:
  Lair:5: 2521 daAuts
   Orc:1: 2445 daAuts
  Lair:6: 2330 daAuts
     D:3: 2277 daAuts
  Lair:1: 2029 daAuts
   IceCv: 1903 daAuts
    D:15: 1895 daAuts
     D:1: 1881 daAuts
  Lair:4: 1661 daAuts
  Lair:2: 1624 daAuts
    D:13: 1502 daAuts
  Lair:3: 1486 daAuts
    D:11: 1468 daAuts
   Orc:2: 1445 daAuts
    D:10: 1289 daAuts
